[Event "42nd Olympiad Baku 2016 Women"]
[Site "Baku"]
[Date "2016.09.02"]
[Round "1.31"]
[White "Georgescu, Lena"]
[Black "Deng Jing Xin Crystal"]
[Result "1-0"]
[ECO "B24"]
[WhiteElo "2164"]
[BlackElo "1625"]
[PlyCount "111"]
[EventDate "2016.??.??"]
[EventCountry "AZE"]
[WhiteTeam "Schweiz"]
[BlackTeam "Hongkong"]
[WhiteTeamCountry "SUI"]
[BlackTeamCountry "HKG"]
[TimeControl "40/5400+30:1800+30"]
[WhiteClock "0:14:15"]
[BlackClock "0:17:47"]

1. e4 {(00:00} c5 {(00:00} 2. Nc3 {(00:00} Nc6 {
(00:00} 3. Bb5 {(00:00} g6 {(00:00} 4. Bxc6 {(
00:00} dxc6 {(00:01} 5. d3 {(00:19} Bg7 {(00:48} 6.
Be3 {(00:23} b6 {(04:06} 7. Qd2 {(00:57} Nf6 {(
03:35} 8. Bh6 {(01:29} O-O {(00:45} 9. Bxg7 {(01:39}
Kxg7 {(00:08} 10. f4 {(11:25} Ba6 {(06:51} 11. b3 {
(07:30} Qd7 {(07:02} 12. Nf3 {(02:56} Rac8 {(03:
45} 13. O-O {(01:56} Rfd8 {(04:24} 14. f5 {(09:09} c4
{(16:39} 15. bxc4 {(00:43} Bxc4 {(05:00} 16. e5 {
(03:11} Ne8 {(04:13} 17. Qf4 {(14:11} Bd5 {(04:
11} 18. Ng5 {(03:34} h6 {(08:16} 19. e6 {(04:47} Qc7 {
(05:56} 20. Nxf7 {(03:24} Qxf4 {(04:24} 21. Rxf4 {
(00:07} gxf5 {(01:58} 22. Nxd8 {(00:27} Rxd8 {(
00:03} 23. Re1 {(01:20} Kg6 {(01:12} 24. Re5 {(05:17}
Ng7 {(00:52} 25. Nxd5 {(01:35} cxd5 {(00:26} 26. Rd4 {
(01:17} Rc8 {(01:01} 27. Re2 {(01:57} Rc5 {(00:
38} 28. Ra4 {(03:08} a5 {(00:41} 29. Rh4 {(06:22} Rc6
{(01:45} 30. Rd4 {(02:10} Rc5 {(00:43} 31. c4 {(
02:26} dxc4 {(00:52} 32. Rxc4 {(01:32} Rd5 {(00:21}
33. Re3 {(01:40} Kf6 {(00:47} 34. Rc6 {(02:07} b5 {
(01:00} 35. Rh3 {(00:35} h5 {(00:37} 36. Kf2 {(
01:08} b4 {(01:42} 37. Ke2 {(00:59} Ke5 {(01:44} 38.
Re3+ {(02:21} Kf6 {(00:57} 39. Ra6 {(02:28} Rc5 {
(01:18} 40. Kd2 {(00:00} f4 {(00:00} 41. Rf3 {(
02:13} Rf5 {(06:40} 42. Rf1 {(02:32} h4 {(01:06} 43.
d4 {(01:43} Nh5 {(02:00} 44. Kd3 {(01:57} Rg5 {(
02:21} 45. Rf2 {(02:00} Rf5 {(03:14} 46. Ke4 {(00:40}
Kg6 {(01:58} 47. Rc2 {(03:33} Nf6+ {(01:05} 48. Kf3 {
(01:10} Rd5 {(00:58} 49. Rc4 {(00:12} Ne8 {(02:
23} 50. Ke4 {(02:49} Rf5 {(00:50} 51. Rc5 {(01:05} Rf6
{(01:56} 52. d5 {(03:32} h3 {(03:50} 53. Rc2 {(
02:18} hxg2 {(00:51} 54. Rxg2+ {(00:05} Kh6 {(00:48}
55. Kf3 {(00:58} Nd6 {(01:02} 56. Rxd6 {(00:29} 1-0

[Event "42nd Olympiad Baku 2016 Women"]
[Site "Baku"]
[Date "2016.09.02"]
[Round "1.30"]
[White "Gevorgyan, Irina"]
[Black "Perez, Dalila"]
[Result "1-0"]
[ECO "D45"]
[WhiteElo "2324"]
[BlackElo "1860"]
[PlyCount "133"]
[EventDate "2016.??.??"]
[EventCountry "AZE"]
[WhiteTeam "Usbekistan"]
[BlackTeam "Paraguay"]
[WhiteTeamCountry "UZB"]
[BlackTeamCountry "PAR"]
[TimeControl "40/5400+30:1800+30"]
[WhiteClock "0:15:18"]
[BlackClock "0:00:56"]

1. Nf3 {(00:00} d5 {(00:00} 2. d4 {(00:00} Nf6 {
(00:00} 3. c4 {(00:00} e6 {(00:00} 4. Nc3 {(00:
00} c6 {(00:15} 5. e3 {(00:00} Nbd7 {(00:12} 6. Qc2 {
(00:08} Bd6 {(03:18} 7. Be2 {(01:45} O-O {(01:
58} 8. O-O {(00:20} dxc4 {(20:48} 9. Bxc4 {(00:14} b5
{(00:04} 10. Be2 {(00:31} Qe7 {(05:32} 11. Ng5 {
(10:27} e5 {(23:14} 12. Nce4 {(00:59} Bb7 {(05:
21} 13. Nxd6 {(15:01} Qxd6 {(00:10} 14. dxe5 {(04:15}
Nxe5 {(05:17} 15. Nf3 {(21:11} Rfe8 {(13:18} 16. Rd1 {
(02:48} Nd5 {(10:30} 17. e4 {(10:02} Nxf3+ {(01:
17} 18. Bxf3 {(00:06} Qg6 {(00:14} 19. Bd2 {(08:05}
Nf6 {(04:35} 20. Re1 {(00:06} c5 {(02:32} 21. Qxc5 {
(02:10} Nxe4 {(00:51} 22. Qxb5 {(06:54} Ba6 {(
00:43} 23. Qa4 {(02:55} Bb7 {(00:36} 24. Rac1 {(03:50}
Re6 {(00:38} 25. Qb4 {(02:00} Bd5 {(00:25} 26. Qd4 {
(01:40} Bc6 {(00:29} 27. Rxc6 {(03:06} Nxd2 {(
00:13} 28. Qxd2 {(00:06} Rxc6 {(00:28} 29. Bxc6 {(00:
07} Qxc6 {(00:02} 30. h3 {(00:59} h6 {(00:02} 31. Qd4
{(01:17} Qg6 {(00:59} 32. Kh2 {(01:05} a6 {(00:
53} 33. Re3 {(00:18} Qf5 {(00:54} 34. Rg3 {(00:53} g6
{(00:22} 35. b3 {(01:34} Re8 {(00:22} 36. Rf3 {(
00:42} Qg5 {(00:50} 37. Qf6 {(00:58} Qe5+ {(00:25} 38.
Qxe5 {(00:07} Rxe5 {(00:03} 39. Rf6 {(00:23} a5 {
(00:00} 40. Ra6 {(00:00} Kg7 {(00:00} 41. a4 {(
03:15} Rc5 {(02:09} 42. g3 {(05:44} g5 {(06:38} 43. g4
{(02:42} Rc3 {(05:29} 44. Rb6 {(01:49} f6 {(01:
30} 45. Rb7+ {(02:06} Kg6 {(00:16} 46. Rb6 {(04:40}
Kg7 {(04:16} 47. Kg2 {(00:11} Kf7 {(03:07} 48. f3 {
(02:26} Rc2+ {(01:52} 49. Kg3 {(00:35} Kg7 {(01:
44} 50. h4 {(01:43} Kf7 {(02:56} 51. h5 {(00:37} Kg7 {
(01:17} 52. Rb7+ {(00:20} Kg8 {(00:23} 53. Rb5 {
(00:28} Rb2 {(00:52} 54. Rxa5 {(01:43} Rxb3 {(
00:03} 55. Rf5 {(00:06} Kf7 {(00:46} 56. Kf2 {(00:08}
Ra3 {(01:04} 57. a5 {(00:05} Ke7 {(03:09} 58. Ke2 {
(00:08} Kf7 {(01:03} 59. Kd2 {(00:06} Ke7 {(00:
38} 60. Kc2 {(00:07} Ra4 {(01:13} 61. Kb3 {(00:11} Ra1
{(00:04} 62. Kb4 {(00:20} Rb1+ {(00:30} 63. Kc5 {
(00:10} Ra1 {(00:59} 64. Kb6 {(00:31} Ra3 {(01:
01} 65. a6 {(00:18} Rb3+ {(00:28} 66. Rb5 {(00:11} Ra3
{(00:47} 67. a7 1-0

[Event "42nd Olympiad Baku 2016 Women"]
[Site "Baku"]
[Date "2016.09.02"]
[Round "1.12"]
[White "Gitu, Paula-Alexandra"]
[Black "Safar, Alshaymaa"]
[Result "1-0"]
[ECO "B01"]
[WhiteElo "1892"]
[BlackElo "1603"]
[PlyCount "75"]
[EventDate "2016.??.??"]
[EventCountry "AZE"]
[WhiteTeam "Moldowa"]
[BlackTeam "Katar"]
[WhiteTeamCountry "MDA"]
[BlackTeamCountry "QAT"]
[TimeControl "40/5400+30:1800+30"]
[WhiteClock "0:01:23"]
[BlackClock "0:32:38"]

1. e4 {(00:00} d5 {(00:00} 2. exd5 {(00:00} Qxd5 {
(00:00} 3. Nc3 {(00:00} Qd6 {(00:00} 4. d4 {(00:
00} Nf6 {(00:00} 5. Nf3 {(00:00} g6 {(00:12} 6. g3 {
(03:01} Bg7 {(00:26} 7. Bg2 {(00:38} Qa6 {(00:
18} 8. Bf4 {(06:56} c6 {(00:23} 9. Qd2 {(11:42} O-O {
(00:38} 10. Bf1 {(21:14} b5 {(01:21} 11. Qe2 {(
20:02} Qb6 {(01:34} 12. Bg2 {(08:46} a5 {(09:20} 13.
O-O {(04:59} e6 {(04:10} 14. Rfd1 {(05:27} Ba6 {
(01:41} 15. Qd2 {(01:07} Rd8 {(03:03} 16. Ne5 {(
03:11} Nd5 {(02:05} 17. Bxd5 {(07:15} cxd5 {(00:44}
18. Bh6 {(00:38} Nd7 {(02:16} 19. Bxg7 {(01:44} Kxg7 {
(00:42} 20. Ne2 {(02:16} Rac8 {(01:31} 21. Rac1 {
(00:37} Nf6 {(04:51} 22. f3 {(00:22} Rc7 {(00:
37} 23. Kg2 {(00:46} Ne8 {(01:54} 24. Ng4 {(00:44}
Rdc8 {(03:05} 25. Qh6+ {(00:23} Kg8 {(01:47} 26. Rd2 {
(00:05} b4 {(02:24} 27. Nf4 {(00:18} Rc4 {(02:
38} 28. Ne2 {(00:32} a4 {(03:32} 29. h4 {(00:29} R4c7
{(02:01} 30. Nf4 {(00:43} Qd6 {(01:42} 31. h5 {(
00:22} Qf8 {(00:58} 32. hxg6 {(00:07} hxg6 {(11:05}
33. Qg5 {(00:32} Qg7 {(03:38} 34. Nh6+ {(01:24} Kf8 {
(00:28} 35. Ng4 {(00:18} Rc4 {(02:07} 36. Ne5 {(
00:28} R4c7 {(00:48} 37. Nexg6+ {(00:27} Kg8 {(01:53}
38. Ne7+ {(00:04} 1-0

[Event "42nd Olympiad Baku 2016 Women"]
[Site "Baku"]
[Date "2016.09.02"]
[Round "1.5"]
[White "Gjergji, Rozana"]
[Black "Lazarne Vajda, Szidonia"]
[Result "0-1"]
[ECO "C60"]
[WhiteElo "1947"]
[BlackElo "2372"]
[PlyCount "122"]
[EventDate "2016.??.??"]
[EventCountry "AZE"]
[WhiteTeam "Albanien"]
[BlackTeam "Ungarn"]
[WhiteTeamCountry "ALB"]
[BlackTeamCountry "HUN"]
[TimeControl "40/5400+30:1800+30"]
[WhiteClock "0:08:45"]
[BlackClock "0:09:53"]

1. e4 {(00:55} e5 {(00:00} 2. Nf3 {(00:15} Nc6 {
(00:04} 3. Bb5 {(00:27} Nge7 {(00:38} 4. O-O {(
01:02} g6 {(00:51} 5. c3 {(01:10} a6 {(01:12} 6. Ba4 {
(00:44} Bg7 {(00:46} 7. d4 {(03:19} exd4 {(00:
33} 8. cxd4 {(00:19} b5 {(00:40} 9. Bc2 {(04:09} d5 {
(01:36} 10. e5 {(07:42} Bg4 {(06:46} 11. Be3 {(
04:24} O-O {(02:20} 12. Nbd2 {(06:21} f6 {(04:38} 13.
exf6 {(05:28} Bxf6 {(01:38} 14. h3 {(02:31} Bf5 {
(05:00} 15. Nb3 {(04:22} Qd6 {(04:58} 16. Rc1 {(
06:40} Bg7 {(05:41} 17. Re1 {(07:28} Rae8 {(08:08} 18.
Qd2 {(04:12} Bxh3 {(03:57} 19. Ng5 {(00:50} Bc8 {
(01:34} 20. Nc5 {(03:44} Nd8 {(05:23} 21. Bb3 {(
08:59} Kh8 {(05:18} 22. Nd3 {(04:00} Qb6 {(08:43} 23.
Ne5 {(04:45} c6 {(04:21} 24. Bf4 {(05:06} Nf5 {(
04:00} 25. Ngf7+ {(04:01} Nxf7 {(01:07} 26. Nxf7+ {(00:
06} Kg8 {(00:16} 27. Nh6+ {(00:58} Bxh6 {(04:33} 28.
Bxh6 {(00:55} Rxe1+ {(03:25} 29. Rxe1 {(00:14} Nxh6 {
(00:29} 30. Qxh6 {(00:06} Qxd4 {(00:10} 31. Re7 {
(01:24} Qxf2+ {(00:15} 32. Kh2 {(00:03} Qf4+ {(
00:22} 33. Qxf4 {(00:06} Rxf4 {(00:05} 34. Rc7 {(00:12]
} Bf5 {(00:45} 35. Rxc6 {(01:28} Be4 {(00:06} 36. Kg3 {
(01:40} Rf5 {(00:45} 37. Rxa6 {(02:46} Rg5+ {(
00:12} 38. Kf4 {(00:08} Rxg2 {(00:28} 39. Rb6 {(00:15}
Rxb2 {(03:02} 40. Rxb5 {(00:00} Kg7 {(00:00} 41. a4 {
(04:30} h5 {(06:23} 42. a5 {(00:46} Bd3 {(06:46]
} 43. Rb7+ {(01:32} Kh6 {(00:11} 44. Bxd5 {(00:17} Re2
{(08:07} 45. Rb6 {(05:36} Re1 {(01:16} 46. a6 {(
08:05} Ra1 {(00:24} 47. Bb7 {(00:08} h4 {(01:13} 48.
Rd6 {(04:31} Bf1 {(02:05} 49. Ke3 {(03:40} h3 {(
03:30} 50. Kf2 {(01:04} h2 {(02:07} 51. Be4 {(01:57}
Bxa6 {(06:46} 52. Rxg6+ {(01:14} Kh5 {(00:07} 53. Rg8 {
(00:46} Rf1+ {(00:39} 54. Ke3 {(01:04} Re1+ {(
00:28} 55. Kf2 {(00:30} Rxe4 {(02:23} 56. Rh8+ {(00:10]
} Kg4 {(00:23} 57. Rxh2 {(00:47} Bc4 {(00:12} 58. Rg2+
{(01:13} Kf4 {(00:06} 59. Rg6 {(00:16} Re2+ {(
01:00} 60. Kg1 {(00:09} Bd3 {(00:57} 61. Rf6+ {(00:16}
Kg3 {(00:49} 0-1

[Event "42nd Olympiad Baku 2016 Women"]
[Site "Baku"]
[Date "2016.09.02"]
[Round "1.16"]
[White "Gondwe, Vitumbiko"]
[Black "Librelato, Kathie Goulart"]
[Result "0-1"]
[ECO "C47"]
[WhiteElo "1407"]
[BlackElo "2079"]
[PlyCount "64"]
[EventDate "2016.??.??"]
[EventCountry "AZE"]
[WhiteTeam "MAW"]
[BlackTeam "Brasilien"]
[BlackTeamCountry "BRA"]
[TimeControl "40/5400+30:1800+30"]
[WhiteClock "0:01:14"]
[BlackClock "0:01:06"]

1. e4 {(00:00} e5 {(00:00} 2. Nf3 {(00:28} Nc6 {
(00:12} 3. Nc3 {(00:58} Nf6 {(00:28} 4. d3 {(00:
23} Be7 {(07:03} 5. Be2 {(01:56} O-O {(02:14} 6. O-O {
(01:41} d5 {(01:53} 7. exd5 {(01:59} Nxd5 {(00:
13} 8. Bd2 {(01:28} Be6 {(07:23} 9. Ne4 {(06:01} h6 {
(08:10} 10. c4 {(06:05} Nb6 {(10:35} 11. Be3 {(
03:33} f5 {(12:47} 12. Nc5 {(03:24} Bf7 {(07:34} 13.
Nxb7 {(01:56} Qc8 {(00:53} 14. Nc5 {(00:57} f4 {
(00:46} 15. Nxe5 {(07:48} Nxe5 {(10:16} 16. Bxf4 {
(01:07} Bxc5 {(08:20} 17. Bxe5 {(01:01} Qd7 {(
09:03} 18. Qc2 {(15:38} Rad8 {(00:51} 19. Rad1 {(01:38]
} Bg6 {(01:20} 20. Rd2 {(11:06} a5 {(02:27} 21. a3 {
(03:47} Qf7 {(03:02} 22. Bf3 {(01:15} Nxc4 {(01:
18} 23. Qc3 {(09:28} Nxd2 {(00:25} 24. Qxd2 {(00:46}
Bxd3 {(00:48} 25. Rc1 {(03:23} Bb6 {(00:43} 26. Qc3 {
(03:25} Bg6 {(01:10} 27. Qc6 {(03:05} Kh8 {(00:
49} 28. h3 {(00:50} Kg8 {(01:39} 29. Rc4 {(02:12} Qe8
{(01:04} 30. Qxe8 {(06:16} Rfxe8 {(00:13} 31. Bxc7 {
(01:01} Bxc7 {(00:24} 32. Rxc7 {(00:11} Rd2 {(
00:51} 0-1

[Event "42nd Olympiad Baku 2016 Women"]
[Site "Baku"]
[Date "2016.09.02"]
[Round "1.29"]
[White "Gong, Qianyun"]
[Black "Varona-Thomas, Maria"]
[Result "1-0"]
[ECO "B53"]
[WhiteElo "2262"]
[BlackElo "1775"]
[PlyCount "55"]
[EventDate "2016.??.??"]
[EventCountry "AZE"]
[WhiteTeam "Singapur"]
[BlackTeam "Guyana"]
[WhiteTeamCountry "SIN"]
[BlackTeamCountry "GUY"]
[TimeControl "40/5400+30:1800+30"]
[WhiteClock "1:04:57"]
[BlackClock "0:06:47"]

1. e4 {(00:00} c5 {(00:00} 2. Nf3 {(00:00} d6 {(
00:00} 3. d4 {(00:00} cxd4 {(00:00} 4. Qxd4 {(00:00}
Nc6 {(00:19} 5. Bb5 {(00:00} Bd7 {(00:44} 6. Bxc6 {
(00:03} Bxc6 {(00:10} 7. Nc3 {(00:06} Nf6 {(01:
21} 8. Bg5 {(00:08} e6 {(03:54} 9. O-O-O {(00:06} Be7
{(01:06} 10. Qd3 {(01:04} Qa5 {(05:00} 11. Kb1 {
(02:29} O-O {(07:09} 12. h4 {(18:41} Rfc8 {(04:
22} 13. Nd4 {(01:21} a6 {(11:54} 14. f3 {(01:41} Rd8 {
(27:27} 15. g4 {(00:53} Rac8 {(01:57} 16. Rhg1 {
(05:54} b5 {(01:12} 17. Nce2 {(00:42} Qc7 {(06:
06} 18. Ng3 {(00:55} Bb7 {(04:11} 19. Nh5 {(01:19} d5
{(04:09} 20. e5 {(00:12} Ne8 {(02:27} 21. Bxe7 {
(01:11} Qxe7 {(00:07} 22. g5 {(00:08} g6 {(01:
29} 23. Nf6+ {(00:13} Nxf6 {(01:10} 24. gxf6 {(00:04}
Qc7 {(05:58} 25. Qe3 {(00:12} Qc5 {(02:42} 26. h5 {
(00:29} Re8 {(00:27} 27. hxg6 {(00:24} fxg6 {(
01:22} 28. Qh6 {(00:48} 1-0

[Event "42nd Olympiad Baku 2016 Women"]
[Site "Baku"]
[Date "2016.09.02"]
[Round "1.21"]
[White "Guindy, Esmat"]
[Black "Sukhu, Gloria"]
[Result "1-0"]
[ECO "D53"]
[WhiteElo "2149"]
[BlackElo "1476"]
[PlyCount "71"]
[EventDate "2016.??.??"]
[EventCountry "AZE"]
[WhiteTeam "Dänemark"]
[BlackTeam "Fidschi"]
[WhiteTeamCountry "DEN"]
[BlackTeamCountry "FIJ"]
[TimeControl "40/5400+30:1800+30"]
[WhiteClock "0:34:42"]
[BlackClock "1:23:38"]

1. d4 {(00:00} d5 {(00:00} 2. c4 {(00:00} e6 {(
00:00} 3. Nc3 {(00:00} Nf6 {(00:04} 4. Bg5 {(00:03}
Be7 {(00:09} 5. e3 {(01:20} a6 {(00:02} 6. cxd5 {
(02:07} exd5 {(00:25} 7. Qc2 {(01:00} Ne4 {(02:
16} 8. Bxe7 {(00:38} Qxe7 {(00:13} 9. Nxd5 {(01:21}
Qd6 {(02:49} 10. Qxe4+ {(13:20} Be6 {(00:02} 11. Nc3 {
(00:46} c6 {(00:12} 12. Nf3 {(05:40} Nd7 {(00:
06} 13. Bd3 {(06:26} Nf6 {(00:04} 14. Qe5 {(01:12}
O-O-O {(00:15} 15. Qxd6 {(02:07} Rxd6 {(00:08} 16. Rc1
{(01:00} Kb8 {(00:26} 17. O-O {(01:18} h5 {(00:
15} 18. e4 {(03:25} Ne8 {(02:56} 19. b3 {(03:34} Nc7 {
(01:35} 20. h3 {(02:35} f6 {(00:15} 21. Bc4 {(
01:17} Bc8 {(00:47} 22. e5 {(04:20} Rdd8 {(00:36} 23.
Rfe1 {(01:57} Be6 {(06:06} 24. Bxe6 {(05:46} Nxe6 {
(00:12} 25. exf6 {(00:08} Nxd4 {(01:25} 26. Nxd4 {
(00:27} Rxd4 {(00:08} 27. f7 {(01:56} Rf4 {(00:
07} 28. Re8+ {(00:11} Ka7 {(00:24} 29. Rxh8 Rxf7 30. Na4 {
(02:01} g6 {(00:06} 31. Rd1 {(00:39} b5 {(00:14]
} 32. Nc5 {(00:36} Kb6 {(00:21} 33. b4 {(01:03} a5 {
(00:17} 34. a3 {(00:57} Rg7 {(00:27} 35. Ra8 {(
04:18} Kc7 36. Ra7+ {(00:00} 1-0

[Event "42nd Olympiad Baku 2016 Women"]
[Site "Baku"]
[Date "2016.09.02"]
[Round "1.30"]
[White "Guo, Emma"]
[Black "Shih, Ching-An"]
[Result "1-0"]
[ECO "C02"]
[WhiteElo "2035"]
[BlackElo "1460"]
[PlyCount "95"]
[EventDate "2016.??.??"]
[EventCountry "AZE"]
[WhiteTeam "Australien"]
[BlackTeam "Taiwan"]
[WhiteTeamCountry "AUS"]
[BlackTeamCountry "TPE"]
[TimeControl "40/5400+30:1800+30"]
[WhiteClock "0:31:15"]
[BlackClock "0:31:46"]

1. e4 {(00:00} e6 {(00:00} 2. d4 {(00:00} d5 {(
00:03} 3. e5 {(00:00} Ne7 {(00:11} 4. Nf3 {(00:51} g6
{(02:11} 5. Bd3 {(04:41} Bg7 {(00:09} 6. c3 {(
00:35} Nd7 {(01:13} 7. h4 {(03:35} c5 {(08:56} 8. h5 {
(04:06} cxd4 {(06:16} 9. cxd4 {(00:25} f5 {(07:
22} 10. exf6 {(07:25} Bxf6 {(00:31} 11. hxg6 {(01:32}
Nxg6 {(00:41} 12. Rxh7 {(08:58} Rxh7 {(00:32} 13. Bxg6+
{(00:06} Rf7 {(00:03} 14. Ne5 {(04:40} Bxe5 {(
02:19} 15. Bxf7+ {(01:59} Kxf7 {(00:23} 16. Qh5+ {(00:
24} Ke7 {(12:07} 17. dxe5 {(02:18} Qg8 {(02:22} 18.
Nc3 {(10:00} Nc5 {(43:13} 19. Bg5+ {(01:38} Kd7 {
(01:57} 20. O-O-O {(00:57} Kc7 {(03:44} 21. Nb5+ {
(02:12} Kc6 {(01:04} 22. Nd4+ {(01:46} Kc7 {(00:
12} 23. Be7 {(02:44} b6 {(03:29} 24. b4 {(13:33} Na6 {
(01:35} 25. Kb2 {(01:58} Bd7 {(01:11} 26. g4 {(
05:13} Kb7 {(00:21} 27. g5 {(01:51} Qg7 {(00:50} 28.
Bf6 {(02:09} Qf8 {(00:11} 29. a3 {(00:25} Rc8 {(
00:18} 30. Qh7 {(01:55} Rc7 {(00:26} 31. Rc1 {(02:21}
Rxc1 {(00:15} 32. Qxd7+ {(06:30} Rc7 {(00:12} 33. Nxe6
{(00:55} Qg8 {(00:55} 34. Nxc7 {(00:36} Nxc7 {(
00:07} 35. Bd8 {(00:21} Qf8 {(00:59} 36. Qxc7+ {(00:39]
} Ka6 {(00:03} 37. Bf6 {(03:07} Qe8 {(00:13} 38. Kb3 {
(00:37} Qe6 {(01:16} 39. a4 {(00:43} Qh3+ {(00:
11} 40. Kb2 {(00:00} Qf5 {(00:00} 41. b5+ {(03:55} Ka5
{(00:36} 42. Qxa7+ {(00:24} Kb4 {(00:04} 43. Be7+ {
(02:07} Kc4 {(00:09} 44. Qc7+ {(00:17} Kd4 {(00:
29} 45. Qxb6+ {(01:08} Kc4 {(02:04} 46. Qc5+ {(00:25}
Kd3 {(00:10} 47. Qe3+ {(00:14} Kc4 {(00:11} 48. Qc3#
1-0

[Event "42nd Olympiad Baku 2016 Women"]
[Site "Baku"]
[Date "2016.09.02"]
[Round "1.25"]
[White "Haast, Anne"]
[Black "Frick, Denise"]
[Result "1/2-1/2"]
[ECO "B67"]
[WhiteElo "2306"]
[BlackElo "1803"]
[PlyCount "107"]
[EventDate "2016.??.??"]
[EventCountry "AZE"]
[WhiteTeam "Niederlande"]
[BlackTeam "Südafrika"]
[WhiteTeamCountry "NED"]
[BlackTeamCountry "RSA"]
[TimeControl "40/5400+30:1800+30"]
[WhiteClock "0:05:49"]
[BlackClock "0:00:52"]

1. e4 {(00:00} c5 {(00:00} 2. Nf3 {(00:00} d6 {(
00:00} 3. d4 {(00:54} cxd4 {(00:00} 4. Nxd4 {(00:16}
Nf6 {(00:00} 5. Nc3 {(00:31} Nc6 {(00:07} 6. Bg5 {
(01:27} e6 {(00:50} 7. Qd2 {(01:38} a6 {(00:47}
8. O-O-O {(01:58} Bd7 {(00:41} 9. f4 {(02:36} b5 {
(05:57} 10. Bxf6 {(12:14} gxf6 {(00:14} 11. Nxc6 {
(01:27} Bxc6 {(00:13} 12. Bd3 {(01:17} b4 {(16:
00} 13. Ne2 {(02:27} Qb6 {(01:52} 14. Rhf1 {(03:09} h5
{(07:29} 15. Kb1 {(04:03} a5 {(11:20} 16. f5 {(
05:52} Bh6 {(10:37} 17. Qe1 {(00:37} e5 {(02:13} 18.
Rf3 {(07:15} Ke7 {(05:00} 19. Ng3 {(03:17} Bg5 {
(03:37} 20. Bc4 {(15:14} Ra7 {(10:51} 21. Qe2 {(
14:02} h4 {(04:02} 22. Nf1 {(00:40} Qc5 {(01:53} 23.
Qd3 {(08:10} Rc7 {(01:44} 24. b3 {(02:46} a4 {(
01:11} 25. Ne3 {(01:01} axb3 {(02:17} 26. cxb3 {(00:36]
} Rhc8 {(03:39} 27. Rd2 {(05:09} Bb7 {(01:49} 28. Re2 {
(00:57} Bxe3 {(01:37} 29. Rfxe3 {(01:48} d5 {(
04:18} 30. exd5 {(00:41} Rd8 {(00:42} 31. Rc2 {(01:12}
Bxd5 {(02:57} 32. Bxd5 {(00:26} Qxc2+ {(00:20} 33. Qxc2
{(00:01} Rxc2 {(00:09} 34. Kxc2 {(00:02} Rxd5 {(
00:05} 35. Re4 {(00:48} Rc5+ {(01:01} 36. Kd3 {(02:16}
Rc3+ {(01:43} 37. Kd2 {(00:28} h3 {(00:13} 38. g4 {
(00:50} Rf3 {(00:34} 39. Ke2 {(00:11} Rg3 {(00:
37} 40. Rxb4 {(00:00} Rg2+ {(00:00} 41. Kf3 {(04:04}
Rxh2 {(02:45} 42. Rb7+ {(00:28} Kf8 {(02:55} 43. Kg3 {
(01:36} Rxa2 {(02:17} 44. Kxh3 {(00:04} Rb2 {(
02:10} 45. g5 {(15:27} fxg5 {(13:08} 46. f6 {(00:05}
Kg8 {(01:38} 47. Kg4 {(00:11} e4 {(02:28} 48. Kxg5 {
(01:36} e3 {(00:50} 49. b4 {(01:00} Rb1 {(03:13]
} 50. Re7 {(01:04} Rxb4 {(01:45} 51. Rxe3 {(00:24} Kh7
{(02:06} 52. Rh3+ {(01:47} Kg8 {(00:07} 53. Rg3 {
(04:59} Kh7 {(01:37} 54. Rh3+ {(00:10} 1/2-1/2

[Event "42nd Olympiad Baku 2016 Women"]
[Site "Baku"]
[Date "2016.09.02"]
[Round "1.18"]
[White "Hagesather, Ellen"]
[Black "Murray, Donna"]
[Result "1-0"]
[ECO "A15"]
[WhiteElo "2139"]
[BlackElo "1419"]
[PlyCount "75"]
[EventDate "2016.??.??"]
[EventCountry "AZE"]
[WhiteTeam "Norwegen"]
[BlackTeam "Barbados"]
[WhiteTeamCountry "NOR"]
[BlackTeamCountry "BAR"]
[TimeControl "40/5400+30:1800+30"]
[WhiteClock "0:41:06"]
[BlackClock "0:31:00"]

1. c4 {(00:00} Nf6 {(00:00} 2. g3 {(00:05} g6 {(
00:31} 3. Bg2 {(00:18} Bg7 {(00:40} 4. Nc3 {(00:20}
O-O {(01:04} 5. d4 {(01:01} d6 {(02:37} 6. e4 {(
02:13} Nc6 {(03:13} 7. Nge2 {(01:34} Re8 {(02:20} 8.
f3 {(06:13} e5 {(03:17} 9. d5 {(02:52} Nd4 {(05:
20} 10. Nxd4 {(04:10} exd4 {(07:29} 11. Ne2 {(01:07}
c5 {(01:57} 12. dxc6 {(07:46} bxc6 {(01:48} 13. Nxd4 {
(02:41} Qb6 {(03:51} 14. Ne2 {(13:44} Qc5 15. Bf4 {
(08:20} Ba6 {(18:56} 16. Rc1 {(05:56} Rad8 {(02:
18} 17. Qd2 {(01:36} Qb6 {(21:08} 18. Be3 {(01:59} Qb7
19. Qa5 {(08:12} c5 {(08:57} 20. Rc2 {(01:24} Qc6 {
(02:21} 21. O-O {(01:02} Ra8 {(02:53} 22. Rd1 {(
01:37} Bb7 {(00:53} 23. Bf4 {(01:58} Re6 {(07:22} 24.
Rcd2 {(02:03} Rae8 {(00:34} 25. Rxd6 {(03:28} Rxd6 {
(00:22} 26. Rxd6 {(00:07} Qc8 {(00:34} 27. Be3 {
(01:14} Nd7 {(00:55} 28. Nc3 {(02:28} Ne5 {(00:
30} 29. Qa4 {(04:14} Ba8 {(00:57} 30. Nd5 {(01:40}
Bxd5 {(00:44} 31. Rxd5 {(00:44} Rf8 {(00:24} 32. Bxc5 {
(00:56} Re8 {(00:18} 33. b3 {(01:00} Re6 {(00:
18} 34. f4 {(01:36} Ng4 {(01:03} 35. Qd7 {(01:35} Qxd7
{(01:11} 36. Rxd7 {(00:04} Re8 {(00:44} 37. e5 {
(00:40} h6 {(00:00} 38. Bd5 {(00:00} 1-0

[Event "42nd Olympiad Baku 2016 Women"]
[Site "Baku"]
[Date "2016.09.02"]
[Round "1.15"]
[White "Hakimifard, Ghazal"]
[Black "Mazariegos, Silvia Carolina"]
[Result "1-0"]
[ECO "C61"]
[WhiteElo "2308"]
[BlackElo "1942"]
[PlyCount "57"]
[EventDate "2016.??.??"]
[EventCountry "AZE"]
[WhiteTeam "Iran"]
[BlackTeam "Guatemala"]
[WhiteTeamCountry "IRI"]
[BlackTeamCountry "GUA"]
[TimeControl "40/5400+30:1800+30"]
[WhiteClock "0:29:26"]
[BlackClock "0:00:34"]

1. e4 {(00:00} e5 {(00:00} 2. Nf3 {(00:00} Nc6 {
(00:00} 3. Bb5 {(00:02} Nd4 {(00:00} 4. Nxd4 {(
00:37} exd4 {(00:02} 5. O-O {(00:43} c6 {(00:45} 6.
Bc4 {(01:06} Bc5 {(01:42} 7. Bxf7+ {(02:39} Kxf7 {
(02:34} 8. Qh5+ {(00:05} g6 {(00:10} 9. Qxc5 {(
00:08} Qb6 {(01:54} 10. Qg5 {(01:25} Nf6 {(01:56} 11.
e5 {(00:31} Nd5 {(00:25} 12. d3 {(03:53} Qc5 {(
16:19} 13. c4 {(01:44} dxc3 {(27:44} 14. Nxc3 {(00:29}
h6 {(05:42} 15. Qh4 {(01:28} Qe7 {(15:22} 16. Qd4 {
(01:22} Qe6 {(04:42} 17. Ne4 {(05:11} b6 {(06:
44} 18. b4 {(09:19} a5 {(02:58} 19. f4 {(09:59} Kg7 {
(04:08} 20. Nd6 {(10:12} Rf8 {(01:45} 21. bxa5 {
(00:28} Rxa5 {(01:45} 22. Bd2 {(01:48} Ra8 {(01:
42} 23. Rf3 {(00:48} b5 {(01:24} 24. Raf1 {(08:52} Ne7
{(01:06} 25. f5 {(07:50} Nxf5 {(00:37} 26. Nxf5+ {
(00:07} Rxf5 {(00:49} 27. Qe3 {(01:37} Rh5 {(00:
18} 28. Rf6 {(01:17} Qe8 {(00:53} 29. Qf4 {(01:24} 1-0